 Dungeon Crawl Stone Soup version 0.24-b1 (webtiles) character file.

Game seed: 9747674399127195449, levelgen mode: deterministic

9 Chiseanne the Conjurer (level 2, -3/22 HPs)
             Began as a Ghoul Conjurer on Oct 13, 2019.
             Slain by a kobold
             ... wielding a +0 short sword
              (5 damage)
             ... on level 1 of the Dungeon.
             The game lasted 00:01:06 (889 turns).

Chiseanne the Conjurer (Ghoul Conjurer)              Turns: 889, Time: 00:01:06

Health: -3/22      AC:  2    Str: 11    XL:     2   Next: 12%
Magic:  1/4        EV: 12    Int: 10    God:
Gold:   38         SH:  0    Dex:  9    Spells: 4/5 levels left

rFire    . . .     SeeInvis .   h - +3 dagger
rCold    + . .     Gourm    .   (no shield)
rNeg     + + +     Faith    .   a - +0 robe
rPois    ∞         Spirit   .   (no helmet)
rElec    .         Reflect  .   (no cloak)
rCorr    .         Harm     .   (no gloves)
MR       .....                  (no boots)
Stlth    ++........             (no amulet)
HPRegen  0.00/turn              (no ring)
MPRegen  0.09/turn              (no ring)

@: rotting
A: rotting body, claws 1, carnivore, cold resistance 1, negative energy
resistance 3, inhibited regeneration, torment resistance, unbreathing
a: no special abilities


You were on level 1 of the Dungeon.
You were not hungry.

You visited 1 branch of the dungeon, and saw 1 of its levels.

You collected 38 gold pieces.

Inventory:

Hand Weapons
 f - a +0 club
 h - a +3 dagger (weapon)
Missiles
 b - 13 poisoned darts (quivered)
 g - 18 stones
Armour
 a - a +0 robe (worn)
Scrolls
 e - a scroll of magic mapping {unknown}
Potions
 d - a potion of magic {unknown}
Comestibles
 c - a ration


   Skills:
 + Level 0.4 Fighting
 + Level 1.9 Dodging
 - Level 2.1 Stealth
 * Level 2.0 Spellcasting
 * Level 3.4 Conjurations


You had 4 spell levels left.
You knew the following spells:

 Your Spells              Type           Power        Failure   Level  Hunger
a - Magic Dart            Conj           #...         8%          1    ##.....

Your spell library contained the following spells:

 Spells                   Type           Power        Failure   Level  Hunger
 Searing Ray              Conj           #.....       12%         2    ###....
 Dazzling Spray           Conj/Hex       #.....       43%         3    ####...
 Iskenderun's Mystic Bla  Conj           #.......     58%         4    #####..
 Force Lance              Conj/Tloc      #.......     83%         4    #####..
 Fulminant Prism          Conj/Hex       #.........   83%         4    #####..


Dungeon Overview and Level Annotations

Branches:
Dungeon (1/15)

Altars:


Innate Abilities, Weirdness & Mutations

Your body is rotting away.
You thrive on raw meat.
You are immune to poison.
You have sharp fingernails.
You are carnivorous and can eat meat at any time.
Your flesh is cold resistant. (rC+)
You are immune to negative energy. (rN+++)
You do not regenerate when monsters are visible.
You are immune to unholy pain and torment.
You can survive without breathing.


Message History

The kobold is moderately wounded.
Casting: Magic Dart (safe; 8% risk of failure)
Confirm with . or Enter, or press ? or * to list all spells.
Aiming: Magic Dart (safe; 8% risk of failure)
Press: ? - help, Shift-Dir - straight line, f/p - kobold
Aim: a kobold, wielding a +0 short sword The magic dart hits the kobold but does no damage.
The kobold hits you with a +0 short sword.
* * * LOW HITPOINT WARNING * * *
Your magical contamination has completely faded away.
You see here a +3 dagger.
h - a +3 dagger The kobold hits you but does no damage.
h - a +3 dagger (weapon)
The kobold hits you with a +0 short sword.
* * * LOW HITPOINT WARNING * * *
You hit the kobold.
The kobold is severely wounded.
The kobold hits you with a +0 short sword.
You die...

#.# #.# #.# #.#
##.## ... #=# #@#
#. #K# #.# #g# #.#
##.####### .#
#.###...##... .#
##. #.##.....#.#
#.###..
##..........#
#.#.#.
######...#.....#.#
#....
.........^....##.#
#....


You could see a hobgoblin and a kobold.

Vanquished Creatures
  A giant cockroach (D:1)
  3 goblins (D:1)
  A kobold (D:1)
  2 bats (D:1)
7 creatures vanquished.

Notes
Turn   | Place    | Note
-------+----------+-------------------------------------------
     0 | D:1      | Chiseanne the Ghoul Conjurer began the quest for the Orb.
     0 | D:1      | Reached XP level 1. HP: 14/14 MP: 2/2
   598 | D:1      | Reached XP level 2. HP: 6/22 MP: 0/4
   889 | D:1      | Slain by a kobold

Skill      XL: |  1 |
---------------+----+-----
Spellcasting   | 2 |  2.0
Fighting       | |  0.4
Dodging        | |  1.9
Stealth        | |  2.1
Conjurations   | |  3.4

Action                   || total
-------------------------++-------
Melee: Unarmed           ||    47
       Club              ||     5
       Dagger            ||     1
 Cast: Magic Dart        ||    13
 Stab: Sleeping          ||     1
Armor: Robe              ||    11
Dodge: Dodged            ||    32
